Map: Kairos Junction LE

Players

STRApony - Winner!

  • Race: Zerg Zerg
  • League: Master
  • Spawn Location: 11:00

Mez

  • Race: Terran Terran
  • League: Master
  • Spawn Location: 5:00

VOD

Have the link to the VOD?

Description

Time

  • Played on: July 29, 2019, 4:13 a.m.
  • Length: 11:23
Show
View Real Time Build Order
Export as new Build Order

STRApony Zerg - Winner!

Build Orders: Hatch First 

Get SALT Encoding   

  12  0:00  Drone  
  13  0:13  Overlord  
  13  0:17  Drone  
  14  0:31  Drone x2  
  16  0:48  Hatchery  
  15  0:52  Drone  
  15  0:55  Drone  
  17  0:58  Drone  
  18  1:09  Extractor  
  17  1:14  Spawning Pool  
  17  1:16  Drone  
  17  1:20  Drone  
  18  1:28  Drone  
  19  1:39  Drone  
  20  1:50  Drone  
  21  2:02  Zergling x2, Queen x2  
  21  2:03  Zergling x2  
  27  2:17  Hatchery  
  27  2:19  Overlord  
  26  2:23  Drone  
  26  2:26  Drone  
  28  2:33  Metabolic Boost  
  27  2:45  Queen  
  27  2:47  Overlord, Drone  
  30  2:56  Drone x2  
  30  2:57  Drone x2  
  34  3:06  Overlord, Drone  
  35  3:18  Drone x2  
  37  3:21  Drone x3  
  40  3:27  Roach Warren  
  40  3:28  Extractor  
  40  3:34  Drone x3  
  40  3:36  Overlord  
  40  3:38  Overlord  
  40  3:40  Overlord  
  41  3:51  Zergling x10  
  46  4:00  Overlord  
  46  4:08  Roach x3  
  46  4:09  Roach x2  
  56  4:13  Roach  
  56  4:16  Roach  
  60  4:19  Roach  
  62  4:27  Roach  
  62  4:28  Roach  
  63  4:35  Roach x2  
  67  4:39  Overlord x2  
  67  4:40  Roach  
  67  4:41  Roach  
  71  4:48  Roach  
  71  4:49  Roach  
  70  4:54  Roach  
  70  4:56  Zergling x8  
  76  5:10  Zergling x6, Roach x3  
  83  5:21  Drone, Ravager  
  84  5:22  Drone x5  
  84  5:27  Drone  
  91  5:30  Drone  
  91  5:32  Drone  
  91  5:33  Drone x3  
  96  5:41  Baneling Nest  
  95  5:46  Ravager  
  95  5:47  Drone x2  
  95  5:48  Overlord x2  
  98  5:55  Overlord x2  
  98  6:04  Overlord  
  98  6:07  Lair  
  98  6:12  Zergling x16  
  103  6:23  Drone x6  
  101  6:27  Ravager  
  101  6:29  Ravager  
  101  6:30  Zergling x10  
  108  6:40  Evolution Chamber  
  108  6:41  Evolution Chamber  
  108  6:42  Ravager  
  108  6:43  Zergling x6  
  110  6:51  Zergling x6  
  110  6:53  Queen x2  
  109  7:05  Ravager  
  109  7:07  Zergling x10  
  109  7:08  Zergling x6  
  118  7:09  Overlord  
  104  7:19  Zergling x8  
  101  7:26  Zergling x2  
  101  7:27  Zergling x6  
  89  7:33  Zergling x2  
  89  7:34  Zergling x4  
  89  7:35  Queen x3  
  78  7:45  Roach  
  78  7:46  Roach x6  
  78  7:47  Overlord  
  78  7:48  Overlord  
  78  7:49  Overseer  
  94  7:58  Roach x3  
  94  8:05  Extractor  
  97  8:06  Extractor  
  97  8:07  Drone  
  97  8:08  Roach x3  
  97  8:11  Queen  
  105  8:23  Zergling x6  
  105  8:24  Zergling x12  
  114  8:29  Drone  
  115  8:34  Zerg Ground Armor Level 1  
  115  8:40  Spore Crawler  
  114  8:41  Hatchery  
  114  8:43  Glial Reconstitution  
  114  8:45  Zergling x20  
  123  8:51  Queen x2  
  127  9:05  Zergling x20  
  136  9:13  Roach x3  
  136  9:14  Roach x2  
  145  9:24  Overlord x3  
  143  9:25  Baneling x2  
  143  9:26  Baneling x6  
  143  9:28  Baneling  
  143  9:36  Overseer  
  143  9:40  Drone  
  143  9:41  Drone x2  
  143  9:42  Drone x7  
  152  10:02  Zergling x18  
  152  10:04  Ravager x3  
  152  10:06  Drone x8  
  172  10:08  Spore Crawler  
  171  10:23  Overlord  
  171  10:24  Overlord x2, Baneling  
  171  10:25  Baneling x7  
  171  10:27  Zergling x2  
  171  10:28  Zergling x6  
  158  10:39  Zergling x20  
  158  10:56  Roach  
  158  10:57  Roach x7  
  158  11:10  Hatchery  
  152  11:12  Hatchery  
Show
View Real Time Build Order
Export as new Build Order

Mez Terran 

Build Orders: Reaper Expand 

Get SALT Encoding   

  12  0:00  SCV  
  13  0:13  SCV  
  14  0:18  Supply Depot  
  14  0:25  SCV  
  15  0:40  SCV  
  15  0:42  Barracks  
  16  0:45  Refinery  
  16  0:52  SCV  
  17  1:04  SCV  
  18  1:19  SCV  
  19  1:31  Reaper, Orbital Command  
  20  1:43  Command Center  
  20  1:53  Barracks  
  20  1:58  SCV  
  21  2:08  Barracks  
  21  2:15  Barracks Reactor  
  21  2:16  SCV  
  21  2:17  Supply Depot  
  22  2:33  SCV  
  23  2:43  Barracks Tech Lab  
  23  2:45  SCV  
  23  2:54  Marine x2  
  23  2:57  SCV, Marine  
  27  2:58  Orbital Command  
  27  3:05  Combat Shield  
  27  3:07  Marine  
  27  3:09  SCV  
  29  3:13  Marine x2  
  29  3:15  Marine  
  32  3:21  SCV  
  32  3:24  SCV, Marine  
  35  3:27  Supply Depot  
  35  3:33  SCV, Marine x3  
  39  3:36  SCV  
  40  3:44  Engineering Bay, Marine  
  40  3:45  SCV  
  40  3:48  SCV  
  43  3:50  Supply Depot  
  43  3:56  Marine x3  
  43  3:58  SCV  
  43  4:00  SCV  
  47  4:04  Marine  
  48  4:10  SCV  
  48  4:12  SCV  
  48  4:14  Terran Infantry Weapons Level 1  
  48  4:16  Supply Depot  
  50  4:17  Marine x2  
  50  4:18  Marine  
  50  4:22  SCV, Marine  
  55  4:24  Stimpack, SCV  
  56  4:34  SCV  
  56  4:36  SCV  
  58  4:39  Marine x3  
  57  4:54  Marine  
  57  4:55  SCV x2  
  57  4:57  Marine x3  
  63  5:00  Factory, Refinery  
  63  5:01  Command Center  
  62  5:12  Marauder  
  62  5:15  Marine x2  
  62  5:17  Bunker, SCV x2  
  62  5:19  Marine  
  62  5:25  Refinery  
  62  5:36  Marine x2, Marauder  
  62  5:38  Barracks  
  62  5:39  Barracks  
  66  5:47  Factory Reactor  
  66  5:48  Starport  
  66  5:53  SCV x2  
  68  6:05  Marauder  
  70  6:12  Marine x3  
  70  6:13  SCV  
  70  6:15  Orbital Command, Supply Depot x2  
  72  6:29  Marauder  
  72  6:30  Marine x2  
  75  6:33  Concussive Shells  
  75  6:37  Medivac x2  
  75  6:38  Marine  
  75  6:39  Marine x2, Supply Depot  
  82  6:43  SCV x3, Supply Depot  
  85  6:47  Supply Depot  
  85  6:50  Marauder  
  87  6:55  SCV, Marine  
  88  7:07  Marine, Medivac  
  89  7:08  Marine x3  
  89  7:11  Marauder  
  89  7:13  SCV, Marine  
  71  7:25  Marine  
  67  7:34  Marine x3  
  67  7:35  SCV x3  
  66  7:37  Marine x2  
  66  7:42  Marine  
  66  7:47  SCV  
  66  7:50  Supply Depot  
  67  7:52  Marine  
  67  7:53  SCV  
  67  7:54  SCV  
  70  7:59  SCV  
  70  8:02  Marine x4  
  75  8:06  SCV x2  
  75  8:10  Supply Depot  
  75  8:12  Medivac, Supply Depot  
  79  8:13  Medivac  
  81  8:20  Orbital Command  
  81  8:30  Barracks Reactor  
  81  8:31  Barracks Reactor  
  81  8:32  Engineering Bay, Marine x3  
  81  8:33  Engineering Bay, Marauder  
  86  8:39  Supply Depot  
  86  8:42  Medivac  
  86  8:43  Medivac  
  86  8:47  SCV x3  
  93  8:50  Marine  
  93  8:53  Marine x2  
  93  8:54  Marine  
  97  8:59  SCV x3  
  97  9:00  Armory  
  100  9:08  Marine  
  101  9:11  Marine x2  
  101  9:19  Marine x5  
  101  9:23  Medivac  
  108  9:24  SCV x2  
  108  9:26  Marine  
  108  9:28  Marine x2  
  112  9:37  Marine x3  
  115  9:45  Bunker  
  115  9:47  Bunker  
  115  9:50  Marine x3, Supply Depot  
  115  9:51  Marine x2  
  121  9:52  SCV  
  121  9:53  SCV x2, Supply Depot  
  121  9:55  Marine  
  124  10:12  Marine x4, Marauder  
  124  10:13  Barracks Reactor, Marine x2  
  132  10:16  SCV x2  
  134  10:30  Marine x5  
  134  10:34  Marauder  
  132  10:41  Marine  
  118  10:48  Marine x5  
  110  10:55  Marine  
  109  10:59  Marine  
  109  11:00  Marine  
  109  11:01  Marine  
Tags
 
Add a new tag
Caveats
  • Supply blocks, unpowered buildings, or Contaminate may cause inaccurate times.
  • Supply counts are checked every 10 seconds.